 Dungeon Crawl Stone Soup version 0.30-a0-972-gf3ab3527aa (webtiles) character file.

Game seed: 16398145657128010747

2018 vineage the Basher (level 9, 0/57 HPs)
             Began as a Gargoyle Fighter on Mar 31, 2023.
             Hit by a boomerang thrown by a gnoll (5 damage)
             ... on level 6 of the Dungeon.
             The game lasted 00:06:10 (5708 turns).

vineage the Basher (Gargoyle Fighter)               Turns: 5708, Time: 00:06:11

Health: 0/57       AC: 13    Str: 25    XL:     9   Next: 23%
Magic:  9/9        EV:  9    Int:  8    God:
Gold:   258        SH:  4    Dex:  9    Spells: 8/8 levels left

rFire   . . .      SeeInvis .    a - +1 flail
rCold   . . .      Faith    .    c - +0 buckler
rNeg    + + .      Spirit   .    b - +0 scale mail
rPois   ∞          Reflect  .    (no helmet)
rElec   +          Rampage  .    (no cloak)
rCorr   .                        (no gloves)
Will    .....                    (no boots) Stlth
                                 (no amulet)
HPRegen 0.29/turn                q - ring of positive energy
MPRegen 0.11/turn                (no ring)

@: about to teleport
A: sickness immunity, AC +6, negative energy resistance 1, electricity
resistance, torment resistance 1, petrification resistance
a: no special abilities


You were on level 6 of the Dungeon.
You visited 1 branch of the dungeon, and saw 6 of its levels.

You collected 258 gold pieces.

Inventory:

Hand Weapons
 a - a +1 flail (weapon)
Armour
 b - a +0 scale mail (worn)
 c - a +0 buckler (worn)
Jewellery
 k - a ring of ice
 l - a ring of fire
 q - a ring of positive energy (left hand)
Wands
 m - a wand of quicksilver (7)
Scrolls
 d - a scroll of amnesia
 f - a scroll of teleportation
 n - a scroll of identify
Potions
 e - 3 potions of mutation
 g - 3 potions of cancellation
 h - a potion of flight
 i - 3 potions of haste
 j - a potion of ambrosia
 o - a potion of heal wounds
 p - 3 potions of attraction
 r - a potion of berserk rage


   Skills:
 + Level 7.5 Fighting
 * Level 9.1 Maces & Flails
 + Level 4.9 Armour
 + Level 4.9 Shields


You had 8 spell levels left.
You didn't know any spells.
Your spell library contained the following spells:

 Spells                   Type           Power      Damage    Failure   Level
 Shock                    Conj/Air       0%         1d3       77%         1
 Inner Flame              Hex/Fire       0%         N/A       98%         3
 Portal Projectile        Hex/Tloc       0%         N/A       98%         3
 Swiftness                Air            0%         N/A       98%         3
 Tukima's Dance           Hex            0%         N/A       98%         3
 Airstrike                Air            0%         2d(0-16)  100%        4
 Cause Fear               Hex            0%         N/A       100%        4
 Blade Hands              Tmut           0%         N/A       100%        5
 Discord                  Hex            0%         N/A       100%        8


Dungeon Overview and Level Annotations

Branches:
Dungeon (6/15)             Temple (0/1) D:5

Altars:
Hepliaklqana
Uskayaw
Wu Jian
Yredelemnul

Shops:
D:5 =

Annotations:
D:6 4 runed translucent doors


Innate Abilities, Weirdness & Mutations

You are immune to sickness and miasma.
Your stone body is resilient. (AC +6)
You are immune to poison.
You resist negative energy. (rN+)
You are resistant to electric shocks. (rElec)
You are resistant to unholy torment.
You are immune to petrification.


Message History

You are too injured to fight recklessly!
You hit the iguana but do no damage.
The iguana bites you but does no damage.
A gnoll comes into view.
The gnoll shouts!
You hit the iguana.
The iguana is lightly wounded.
The iguana bites you but does no damage.
You closely miss the iguana.
The iguana is lightly wounded.
The iguana hisses menacingly.
The iguana bites you!
You sock the iguana!
The iguana is severely wounded.
The iguana completely misses you.
You hit the iguana but do no damage.
The iguana is severely wounded.
The iguana bites you but does no damage.
A gnoll sergeant comes into view. It is wielding a +0 trident.
You closely miss the iguana.
The iguana is severely wounded.
The iguana barely misses you.
You hit the iguana but do no damage.
The iguana is severely wounded.
You block the iguana's attack.
You barely miss the iguana.
The iguana is severely wounded.
The iguana bites you!
* * * LOW HITPOINT WARNING * * *
You barely miss the iguana.
The iguana is severely wounded.
The iguana bites you but does no damage.
Okay, then.
As you read the scroll of teleportation, it crumbles to dust.
You feel strangely unstable. The iguana closely misses you.
The iguana attacks as you move away! The iguana bites you!
* * * LOW HITPOINT WARNING * * *
The gnoll throws a boomerang.
The boomerang barely misses you.
The gnoll throws a boomerang.
The boomerang hits you.
You die...

........#.####..##.##.##(.#
...........#....##.......##
..................####.###
.#....≈≈≈≈≈≈≈≈≈≈≈....#.#
.#....≈≈. ......≈≈.....###
...≈≈≈≈l. #.....≈≈≈.....#
..≈≈gg... #......≈≈$)†.#
.≈≈.l.. #......≈)...#
.≈h... ##..@........#
.≈.... #...l........#
.≈...# ......##...g...##
.≈..## .....# ##..≈...#
.≈.## ..... ##g≈...# .≈.#
.... #.≈.### .≈.. ... ..≈.#
.≈ ... ..≈.# ...≈.#


You could see a gnoll sergeant, an iguana and a gnoll.

Vanquished Creatures
  The ghost of Takeo the Chopper, a novice MiFi of Gozag (D:5)
  Grinder (D:3)
  2 water moccasins (D:5)
  A black bear (D:5)
  An ogre (D:5)
  A centaur (D:5)
  Blork the orc (D:5)
  A gnoll sergeant (D:6)
  3 scorpions
  7 hounds
  An orc priest (D:3)
  2 iguanas (D:5)
  3 sleepcaps
  An orc wizard (D:5)
  15 gnolls
  5 adders
  A shadow imp (D:6)
  2 white imps
  2 ufetubi (D:5)
  3 worms
  3 dart slugs
  8 orcs
  6 ball pythons
  7 endoplasms
  5 giant cockroaches
  9 goblins
  7 hobgoblins
  13 jackals
  5 quokkas
  6 bats
  7 frilled lizards
  5 kobolds
  7 rats
142 creatures vanquished.

Notes
Turn   | Place    | Note
-------+----------+-------------------------------------------
     0 | D:1      | vineage the Gargoyle Fighter began the quest for the Orb.
     0 | D:1      | Reached XP level 1. HP: 14/14 MP: 1/1
   125 | D:1      | Reached XP level 2. HP: 19/19 MP: 2/2
   442 | D:1      | Reached skill level 3 in Maces & Flails
   447 | D:1      | Reached XP level 3. HP: 24/24 MP: 3/3
   706 | D:1      | Found a faded altar of an unknown god.
   706 | D:1      | Noticed an ice devil
  1059 | D:2      | Reached XP level 4. HP: 29/29 MP: 4/4
  1384 | D:2      | Identified the +0 leather armour "Vinoffas" {Rampage rC++
                  | Regen+ Dex-5}
  1517 | D:3      | Noticed Grinder
  1530 | D:3      | Paralysed by Grinder for 2 turns
  1543 | D:3      | Paralysed by Grinder for 3 turns
  1546 | D:3      | Killed Grinder
  1547 | D:3      | Reached skill level 5 in Fighting
  1547 | D:3      | Reached skill level 5 in Maces & Flails
  1547 | D:3      | Reached XP level 5. HP: 10/35 MP: 5/5
  1547 | D:3      | Reached XP level 6. HP: 12/40 MP: 6/6
  2082 | D:3      | Found a basalt altar of Yredelemnul.
  2387 | D:3      | Found a hazy altar of Hepliaklqana.
  2455 | D:4      | Noticed a +0 dagger
  2456 | D:4      | Noticed a +0 dagger
  2458 | D:4      | Found a hide-covered altar of Uskayaw.
  2868 | D:4      | Reached skill level 6 in Maces & Flails
  2890 | D:4      | Reached XP level 7. HP: 44/44 MP: 7/7
  3128 | D:4      | Identified the +2 robe of Kapox {*Slow rCorr Str+8 Dex+5}
  3308 | D:5      | Entered Level 5 of the Dungeon
  3362 | D:5      | Noticed Blork the orc
  3374 | D:5      | Killed Blork the orc
  3546 | D:5      | Reached skill level 7 in Maces & Flails
  3633 | D:5      | Found Buubaloc's Jewellery Shop.
  3728 | D:5      | Noticed Takeo's ghost (novice MiFi)
  3729 | D:5      | Found a runed translucent gate.
  3729 | D:5      | Found a runed translucent gate.
  3930 | D:5      | Reached XP level 8. HP: 11/52 MP: 8/8
  4179 | D:5      | Found a runed translucent gate.
  4683 | D:5      | Found a staircase to the Ecumenical Temple.
  4826 | D:5      | Killed Takeo's ghost
  4827 | D:5      | Reached skill level 8 in Maces & Flails
  4981 | D:6      | Found a large runed translucent door.
  4982 | D:6      | Found a large runed translucent door.
  4984 | D:6      | Noticed a gargoyle
  4984 | D:6      | Noticed a wraith
  4985 | D:6      | Found a large runed translucent door.
  4985 | D:6      | Found a large runed translucent door.
  5056 | D:6      | Reached XP level 9. HP: 22/57 MP: 9/9
  5422 | D:6      | Reached skill level 9 in Maces & Flails
  5426 | D:6      | Found an ornate altar of the Wu Jian Council.
  5708 | D:6      | Hit by a boomerang thrown by a gnoll

Illustrated notes

Levels and vault maps discovered:
D:1:      sevenhm_arrival_forest_fort_small_5, layout_loops_corners,
          dreamdust_ecumenical_altar_sealed_demon, grunt_decor_one_mirror
D:2:      layout_basic
D:3:      layout_basic, nzn_hepliaklqana_mist_gate, general_overflow_altar,
          uniq_grinder
D:4:      layout_loops_corners, dancing_weapons_uskayaw
D:5:      layout_loops_ring, temple_hall, serial_shops, nicolae_shop_stone,
          gammafunk_ghost_split, hangedman_abyss_or_decor_stabs,
          roderic_lattice_a, uniq_blork_the_orc
D:6:      layout_cave_pools, mainiacjoe_overflow_concentric_impassable,
          serial_gnoll_camp, gnoll_camp_medium_01, gnoll_camp_huts_moat,
          gnoll_camp_mini_basic, gnoll_camp_mini_shop, gnoll_camp_medium_02,
          minmay_misc_feat_tiny, kennysheep_nub, minmay_hollow_rounded_squares

Skill      XL: |  1  2  3  4  5  6  7  8  9 |
---------------+----------------------------+-----
Maces & Flails | 3 5 6 7 8 9 |  9.1
Fighting       | 4 5 6 7 |  7.5
Armour         | 4 |  4.9
Shields        | 4 |  4.9

Action                     |  1- 3 |  4- 6 |  7- 9 || total
---------------------------+-------+-------+-------++-------
  Melee: Flail             |    99 |   176 |   260 ||   535
    Use: Scroll            |       |     9 |     8 ||    17
         Potion            |       |     2 |     3 ||     5
 Armour: Scale mail        |    57 |    65 |   151 ||   273
  Dodge: Dodged            |    51 |    94 |   158 ||   303
  Block: Buckler           |    15 |    42 |    62 ||   119

Table legend: (Time is in decaauts)
 A = Elapsed time spent in this place.
 B = Non-inter-level travel time spent in this place.
 C = Inter-level travel time spent in this place.
 D = Time resting spent in this place.
 E = Time spent auto-exploring this place.
 F = Levels seen in this place.
 G = Mean time per level.
                   A        B        C        D        E       F      G
               +--------+--------+--------+--------+--------+-----+--------+
         Total |   5789 |   5683 |    106 |    727 |   3828 |   6 |  964.8 |
       Dungeon |   5789 |   5683 |    106 |    727 |   3828 |   6 |  964.8 |
               +--------+--------+--------+--------+--------+-----+--------+

Top non-repeatable levels by time:
     D:5: 1703 daAuts
     D:1: 985 daAuts
     D:4: 877 daAuts
     D:2: 769 daAuts
     D:3: 746 daAuts
     D:6: 707 daAuts
